 Dungeon Crawl Stone Soup version 0.20.1-1-g8b1a95d (webtiles) character file.

187678 JirkfaceJones the Warrior (level 18, -3/122 HPs)
             Began as a Gargoyle Berserker on Nov 11, 2017.
             Was an Elder of Trog.
             Killed from afar by an ice dragon (38 damage)
             ... with a blast of cold
             ... on level 1 of the Depths.
             The game lasted 01:58:21 (31775 turns).

JirkfaceJones the Warrior (Gargoyle Berserker)     Turns: 31775, Time: 01:58:21

Health: -3/122     AC: 41    Str: 32    XL:     18   Next: 52%
Magic:  18/18      EV:  9    Int:  9    God:    Trog [****..]
Gold:   2911       SH: 12    Dex:  9    Spells: 17/17 levels left

rFire    + + .     SeeInvis +   D - +12 eveningstar "Kays" {freeze, Fragile rF+ rN+ Str+4}
rCold    . . .     Gourm    .   a - +2 buckler
rNeg     + + .     Faith    .   o - +2 plate armour {rF+}
rPois    ∞         Spirit   .   h - +0 helmet {SInv}
rElec    +         Reflect  +   i - +1 cloak
rCorr    .         Harm     .   (no gloves)
MR       ++++.                  M - +2 pair of boots
Stlth    ..........             m - +6 amulet of reflection
Regen    1.3/turn               u - +1 ring of protection
MPRegen  0.2/turn               n - ring of protection from magic

@: flying, regenerating
A: big wings, blurry vision 1, negative energy resistance 1, electricity
resistance, unbreathing, petrification resistance, rot immunity, AC +13
a: Stop Flying, Berserk, Trog's Hand, Brothers in Arms, Burn Spellbooks,
Renounce Religion


You were on level 1 of the Depths.
You worshipped Trog.
Trog was greatly pleased with you.
You were hungry.

You visited 7 branches of the dungeon, and saw 31 of its levels.
You also visited: Volcano.

You collected 3639 gold pieces.
You spent 728 gold pieces at shops.

Inventory:

Hand Weapons
 b - a +2 antimagic battleaxe
 p - a +0 battleaxe of chopping
 D - the +12 eveningstar "Kays" (weapon) {freeze, Fragile rF+ rN+ Str+4}
   (Trog gifted it to you on level 11 of the Dungeon)

   It has been specially enchanted to freeze those struck by it, causing extra
   injury to most foes and up to half again as much damage against particularly
   susceptible opponents.
   It can also slow down cold-blooded creatures.
   It affects your strength (+4).
   It protects you from fire.
   It protects you from negative energy.
   It will be destroyed if unequipped.
Missiles
 Q - 15 javelins of returning (quivered)
Armour
 a - a +2 buckler (worn)
 h - a +0 helmet of see invisible (worn)
 i - a +1 cloak (worn)
 o - a +2 plate armour of fire resistance (worn)
 M - a +2 pair of boots (worn)
Jewellery
 m - a +6 amulet of reflection (around neck)
 n - a ring of protection from magic (right hand)
 u - a +1 ring of protection (left hand)
Wands
 k - a wand of flame (18/48)
 q - a wand of lightning (9/15)
 L - a wand of iceblast (7/15)
Scrolls
 l - 6 scrolls of magic mapping
 s - 9 scrolls of remove curse
 t - a scroll of silence
 z - 15 scrolls of identify
 C - 5 scrolls of fear
 I - 3 scrolls of fog
 X - 6 scrolls of teleportation
Potions
 w - 3 potions of might
 B - 2 potions of invisibility
 E - 8 potions of curing
 H - 2 potions of resistance
 N - 3 potions of cancellation
 P - 3 potions of ambrosia
 S - 5 potions of agility
 V - 5 potions of haste
Comestibles
 c - 15 bread rations
 d - 11 meat rations
 f - 2 chunks of flesh
 g - 20 royal jellies
 x - 28 fruits


   Skills:
 + Level 16.9 Fighting
 * Level 14.7(16.9) Axes
 - Level 15.6(18.1) Maces & Flails
 - Level 8.2 Throwing
 + Level 16.3 Armour
 - Level 1.5 Dodging
 + Level 4.6 Shields


You had 17 spell levels left.
You didn't know any spells.

Dungeon Overview and Level Annotations

Branches:
Dungeon (15/15)            Temple (1/1) D:5            Lair (6/6) D:9
 Shoals (3/4) Lair:4        Snake (3/4) Lair:3        Slime (0/5) Lair:5
    Orc (2/2) D:11            Elf (0/3) Orc:2        Vaults (0/5) D:13
 Depths (1/5) D:15

Altars:
Ashenzari
Cheibriados
Dithmenos
Elyvilon
Fedhas
Gozag
Hepliaklqana
Kikubaaqudgha
Makhleb
Nemelex Xobeh
Okawaru
Qazlal
Ru
Sif Muna
Trog
Vehumet
Xom
Yredelemnul
Zin
The Shining One
Beogh
Jiyva

Shops:
D:4 *[}   D:7 :   Orc:2 [[%:   Snake:3 *

Portals:
Hell: Lair:6


Innate Abilities, Weirdness & Mutations

You are resistant to torment.
Your stone body is resilient. (AC +13)
You are immune to poison.
Your large and strong wings let you fly indefinitely.
You resist negative energy. (rN+)
You are resistant to electric shocks. (rElec)
You can survive without breathing.
You are immune to petrification.
You are immune to rotting.
Scrolls take you a little longer to read.


Message History

The air elemental misses you.
You sock the ice dragon!
The ice dragon is heavily wounded.
The air elemental hits you but does no damage.
You block the hellwing's attack. x2; The air elemental hits you!
* * * LOW HITPOINT WARNING * * *
You block the red devil's attack.
The ice dragon bites you but does no damage.
You block the ice dragon's attack. The ice dragon barely misses you.
Your skin crawls.
You feel resistant to hostile enchantments.
You are feeling hungry.
You block the air elemental's attack. You block the soul eater's attack.
The air elemental hits you but does no damage.
You block the hellwing's attack.
The hellwing hits you but does no damage.
The red devil hits you but does no damage.
The ice dragon breathes frost at you. The blast of cold hits you!
You die...

#.# #.. ##.# ###≈≈§§≈.:.≈
### #..# #.≈≈§≈§§§..≈§ #.#
##.## #...§§§§≈.≈≈≈ #..
#..# #...§.≈≈≈≈≈§§ ##.
###'#########......≈≈≈§§≈≈≈
## #..........#
...i5..≈≈≈≈§≈..§ #.
#.>........# #D43%.§≈§§≈...
##. #..........#
#@E4.≈§§§...# #..
#..........# ##....§§≈≈.#
### #..........##
#....§≈§≈≈# #.
#.....^....'# ##...≈≈§≈#
##. #..........## #...§≈≈##
#.. #..........# ##.≈§§##
#'# ######'##### #.§§§# #..
#..# #######.§≈## ##. #.##
#.........)##### ##


You could see an ice dragon, a soul eater, a spriggan air mage, a hellwing, an
air elemental, a red devil and a crimson imp.

Vanquished Creatures
  Rupert (D:12)
  Gastronok (D:11)
  A kraken (Shoals:3)
  A storm dragon (Depths:1)
  Ilsuiw (Shoals:3)
  A nagaraja (Snake:3)
  A fire giant (Depths:1)
  Louise (D:15)
  The ghost of SteelSafe the Grappler, a journeyman TrMo of Makhleb (Lair:5)
  6 very ugly things (Depths:1)
  2 entropy weavers (Lair:6)
  4 stone giants (Depths:1)
  Azrael (D:13)
  A merfolk javelineer (Shoals:1)
  An ettin (Depths:1)
  4 merfolk impalers
  The ghost of nonceun the Severer, a journeyman MiBe of Trog (D:11)
  A yaktaur captain (Depths:1)
  2 rakshasas (D:15)
  Erolcha (D:12)
  A great orb of eyes (Depths:1)
  2 ice dragons (Depths:1)
  5 anacondas
  5 naga warriors
  4 hydras
  A catoblepas (Lair:6)
  A satyr (Shoals:3)
  10 two-headed ogres
  2 centaur warriors
  4 tengu warriors
  2 death yaks
  An alligator snapping turtle (Shoals:3)
  3 orc high priests (Orc:2)
  A queen ant (Lair:6)
  5 shock serpents
  9 naga sharpshooters
  A sixfirhy (Lair:6)
  Sonja (D:14)
  A salamander mystic (Depths:1)
  7 skeletal warriors
  3 deep trolls (Depths:1)
  15 sea snakes
  2 unseen horrors
  2 naga ritualists
  A glowing orange brain (D:15)
  2 wizards
  A wolf spider zombie (D:13)
  2 necromancers (D:13)
  3 orc knights
  2 orc sorcerers (Snake:2)
  5 mana vipers
  2 deep elf magi (D:15)
  2 anaconda skeletons (Volcano)
  2 phantasmal warriors (D:15)
  3 fauns
  15 harpies
  14 ugly things
  An oklob plant (D:13)
  2 manticores
  12 salamanders
  4 cyclopes
  2 centaur zombies
  7 merfolk sirens
  24 black mambas
  4 gargoyles
  4 naga magi
  A smoke demon (Lair:6)
  5 water nymphs
  2 torpor snails
  3 orange demons (Lair:6)
  12 spiny frogs
  8 yaktaurs
  The ghost of Bai the Spear-Bearer, a novice MfCK of Xom (D:5)
  4 komodo dragons
  7 rime drakes
  An ice devil (Lair:6)
  A redback zombie (D:12)
  8 trolls
  A meliai (shapeshifter) (D:15)
  A troll (shapeshifter) (Depths:1)
  12 merfolk
  A polar bear (Lair:6)
  11 slime creatures
  3 blink frogs (Lair:5)
  15 hippogriffs
  2 wind drakes (Shoals:1)
  A dream sheep (shapeshifter) (D:15)
  Grinder (D:6)
  5 snapping turtles
  7 dream sheep (Lair:6)
  An air elemental (Depths:1)
  3 flying skulls (Volcano)
  29 yaks
  3 water elementals
  4 wraiths
  Eustachio (D:4)
  5 wyverns
  A basilisk (shapeshifter) (D:15)
  Grum (D:11)
  10 vampire mosquitoes
  2 hungry ghosts (D:11)
  Menkaure (D:4)
  A two-headed ogre zombie (D:11)
  21 nagas
  Edmund (D:4)
  4 wargs
  17 soldier ants
  9 hell hounds
  21 water moccasins
  2 soldier ants (shapeshifter)
  The ghost of seyes the Changer, an amateur VSTm (D:3)
  30 orc warriors
  14 porcupines
  3 ice beasts
  2 necrophages
  8 phantoms
  10 ogres
  6 sky beasts
  3 boggarts (Depths:1)
  11 centaurs
  14 wolves
  6 crocodiles
  2 elf zombies (D:7)
  2 big kobolds
  8 bullfrogs
  3 scorpions
  2 troll zombies (D:11)
  A water moccasin skeleton (D:4)
  3 wights (D:11)
  2 troll skeletons (Volcano)
  2 electric eels
  8 howler monkeys
  2 bullfrog zombies
  8 crimson imps
  A quasit (D:14)
  4 hounds
  5 human zombies (D:7)
  7 jellies
  28 orc priests
  4 centaur skeletons
  Crazy Yiuf (D:2)
  Jessica (D:3)
  3 human skeletons (D:7)
  4 iguanas
  24 orc wizards
  41 worker ants
  5 ogre zombies (D:11)
  A naga skeleton (Volcano)
  A hound skeleton (D:8)
  A mummy (D:7)
  A worker ant zombie (D:7)
  4 gnolls (Orc:1)
  2 howler monkey skeletons
  12 adders
  3 shadow imps
  An adder zombie (D:7)
  2 oozes
  3 adder skeletons
  8 worms
  3 dart slugs (D:2)
  6 leopard geckos
  99 orcs
  4 bats
  4 giant cockroaches
  8 goblins
  2 hobgoblins (D:2)
  13 jackals
  12 kobolds
  7 quokkas
  6 frilled lizards
  A goblin skeleton (D:11)
  4 goblin zombies (D:11)
  A hobgoblin skeleton (D:11)
  5 hobgoblin zombies (D:11)
  A leopard gecko skeleton (D:4)
  3 orc skeletons (D:11)
  11 orc zombies (D:11)
  A quokka skeleton (D:5)
  4 rats
  2 bushes (Shoals:3)
  A plant (D:13)
1001 creatures vanquished.

Vanquished Creatures (collateral kills)
  Saint Roka (Snake:2)
  A kraken (Shoals:2)
  A dire elephant (Lair:6)
  A naga warrior (Snake:3)
  The ghost of kajun78 the Carver, a journeyman CeFi of Yredelemnul (Lair:1)
  A hydra (Lair:6)
  An ogre mage (Depths:1)
  A deep troll earth mage (Depths:1)
  4 death yaks (Lair:5)
  2 orc high priests (Orc:2)
  2 skeletal warriors (D:13)
  5 orc knights (Orc:2)
  A manticore (Shoals:2)
  2 naga magi (Snake:3)
  A gargoyle (D:14)
  A spiny frog (Lair:1)
  An ice devil (Lair:6)
  A polar bear (Lair:6)
  A fire elemental (D:13)
  6 yaks (Lair:6)
  2 water moccasins (Lair:6)
  A porcupine (Lair:1)
  3 orc warriors (Orc:2)
  4 wolves (Lair:1)
  An orc priest (Orc:2)
  An orc (Orc:2)
47 creatures vanquished.

Vanquished Creatures (others)
  A wizard (D:9)
  5 dream sheep (Lair:4)
  An orc warrior (Snake:2)
  A boggart (Depths:1)
  A crocodile (Lair:6)
  An orc wizard (Snake:2)
  An orc (Snake:2)
  6 fungi
  5 plants
  8 tentacles
30 creatures vanquished.

Grand Total: 1078 creatures vanquished

Notes
Turn   | Place    | Note
-------+----------+-------------------------------------------
     0 | D:1      | JirkfaceJones the Gargoyle Berserker began the quest for the Orb.
     0 | D:1      | Reached XP level 1. HP: 14/14 MP: 1/1
   219 | D:1      | Reached XP level 2. HP: 17/19 MP: 2/2
   617 | D:2      | Reached XP level 3. HP: 21/23 MP: 3/3
   647 | D:2      | Reached ** piety under Trog
   881 | D:2      | Found a bloodstained altar of Trog.
   900 | D:2      | Reached XP level 4. HP: 29/29 MP: 4/4
   936 | D:2      | Found a runed door.
  1816 | D:2      | Noticed Crazy Yiuf
  1826 | D:2      | Killed Crazy Yiuf
  1826 | D:2      | Reached XP level 5. HP: 23/33 MP: 5/5
  2057 | D:3      | Found a hazy altar of Hepliaklqana.
  2058 | D:3      | Found a sacrificial altar of Ru.
  2058 | D:3      | Found a snail-covered altar of Cheibriados.
  2059 | D:3      | Found a burning altar of Makhleb.
  2120 | D:3      | Noticed Jessica
  2132 | D:3      | Killed Jessica
  2249 | D:3      | Noticed seyes's ghost (amateur VSTm)
  2262 | D:3      | Killed seyes's ghost
  2262 | D:3      | Reached skill level 5 in Maces & Flails
  2262 | D:3      | Reached XP level 6. HP: 39/39 MP: 6/6
  3025 | D:4      | Reached *** piety under Trog
  3052 | D:4      | Found Jonnoq's Gadget Boutique.
  3056 | D:4      | Noticed Eustachio
  3135 | D:4      | Killed Eustachio
  3135 | D:4      | Reached skill level 5 in Fighting
  3135 | D:4      | Reached XP level 7. HP: 38/44 MP: 7/7
  3147 | D:4      | Noticed Edmund
  3164 | D:4      | Killed Edmund
  3293 | D:4      | Found Hied's Antique Armour Shop.
  3341 | D:4      | Reached skill level 5 in Armour
  3444 | D:4      | Found Eraoseno's General Store.
  3578 | D:4      | Reached XP level 8. HP: 47/51 MP: 8/8
  3623 | D:4      | Found a sparkling altar of Nemelex Xobeh.
  3657 | D:4      | Noticed Menkaure
  3680 | D:4      | Killed Menkaure
  4003 | D:5      | Entered Level 5 of the Dungeon
  4451 | D:5      | Found a stormy altar of Qazlal.
  4463 | D:5      | Noticed Bai's ghost (novice MfCK)
  4473 | D:5      | Killed Bai's ghost
  4473 | D:5      | Reached XP level 9. HP: 57/57 MP: 9/9
  4482 | D:5      | Reached **** piety under Trog
  4704 | D:5      | Found a staircase to the Ecumenical Temple.
  5339 | D:6      | Noticed Grinder
  5351 | D:6      | Killed Grinder
  5849 | Temple   | Entered the Ecumenical Temple
  6110 | D:7      | Found Zat Pymp's Book Shoppe.
  6205 | D:7      | Found a deep blue altar of Sif Muna.
  6484 | D:7      | Reached skill level 10 in Maces & Flails
  6541 | D:7      | Reached XP level 10. HP: 62/64 MP: 10/10
  6573 | D:7      | Found a basalt altar of Yredelemnul.
  7230 | D:8      | Found a deep blue altar of Sif Muna.
  7267 | D:8      | Received a gift from Trog
  7558 | D:8      | Found a shadowy altar of Dithmenos.
  7780 | D:9      | Noticed a two-headed ogre
  7789 | D:9      | Killed a two-headed ogre
  7789 | D:9      | Reached ***** piety under Trog
  7886 | D:9      | Found a staircase to the Lair.
  8196 | D:9      | Found a bloodstained altar of Trog.
  8197 | D:9      | Noticed a wizard
  8203 | D:9      | Killed a wizard
  8283 | Lair:1   | Entered Level 1 of the Lair of Beasts
  8329 | Lair:1   | Reached XP level 11. HP: 71/71 MP: 11/11
  8479 | Lair:1   | Noticed kajun78's ghost (journeyman CeFi)
  8507 | Lair:1   | Killed kajun78's ghost
  8564 | Lair:1   | Reached skill level 10 in Fighting
  8668 | Lair:1   | Found a radiant altar of Vehumet.
  9485 | Lair:2   | Reached skill level 10 in Armour
 10261 | Lair:2   | Identified a scroll of acquirement
 10492 | Lair:3   | Reached XP level 12. HP: 74/79 MP: 12/12
 10509 | Lair:3   | Found a staircase to the Snake Pit.
 10551 | Lair:3   | Got a fine war axe
 10552 | Lair:3   | Identified the +9 war axe "Genwoo" {chop, *Drain rPois Dex+3} (You found it on level 3 of the Lair of Beasts)
 10580 | Lair:3   | Noticed a five-headed hydra
 10594 | Lair:3   | Killed a five-headed hydra
 11284 | Lair:4   | Found an ancient bone altar of Kikubaaqudgha.
 11325 | Lair:4   | Noticed a death yak
 11343 | Lair:4   | Killed a death yak
 11343 | Lair:4   | Reached skill level 1 in Axes
 11343 | Lair:4   | Reached skill level 1 in Throwing
 11554 | Lair:4   | Noticed a four-headed hydra
 11560 | Lair:4   | Killed a four-headed hydra
 11690 | Lair:4   | Found a staircase to the Shoals.
 11766 | Lair:4   | Noticed an eight-headed hydra
 11774 | Lair:4   | Killed an eight-headed hydra
 11800 | Lair:4   | Found a shimmering altar of Xom.
 12042 | Lair:5   | Noticed SteelSafe's ghost (journeyman TrMo)
 12064 | Lair:5   | Killed SteelSafe's ghost
 12386 | Lair:5   | Noticed a six-headed hydra
 12395 | Lair:5   | Killed a six-headed hydra
 12481 | Lair:5   | Reached XP level 13. HP: 65/85 MP: 13/13
 12500 | Lair:5   | Received a gift from Trog
 12567 | Lair:5   | Found a viscous altar of Jiyva.
 12570 | Lair:5   | Found a staircase to the Slime Pits.
 12810 | Lair:5   | Reached skill level 5 in Axes
 13050 | Lair:6   | Entered Level 6 of the Lair of Beasts
 13117 | Lair:6   | Noticed an entropy weaver
 13413 | Lair:6   | Noticed a dire elephant
 13426 | Lair:6   | Killed a dire elephant
 13638 | Lair:6   | Noticed an entropy weaver
 13657 | Lair:6   | Killed an entropy weaver
 13978 | Lair:6   | Killed an entropy weaver
 14039 | Lair:6   | Reached skill level 5 in Throwing
 14224 | Lair:6   | Gained mutation: Your large and strong wings let you fly indefinitely. [Gargoyle growth]
 14224 | Lair:6   | Reached XP level 14. HP: 77/92 MP: 14/14
 14323 | Lair:6   | Received a gift from Trog
 15009 | Lair:6   | Found a burning altar of Makhleb.
 15029 | Lair:6   | Received a gift from Trog
 15096 | Lair:6   | Found a gateway to Hell.
 15499 | D:10     | Entered Level 10 of the Dungeon
 15715 | D:10     | Received a gift from Trog
 16254 | D:11     | Noticed nonceun's ghost (journeyman MiBe)
 16299 | D:11     | Killed nonceun's ghost
 16367 | D:11     | Received a gift from Trog
 16379 | D:11     | Found a staircase to the Orcish Mines.
 16452 | D:11     | Found a sparkling altar of Nemelex Xobeh.
 16554 | D:11     | Received a gift from Trog
 16579 | D:11     | Got a warped eveningstar {god gift}
 16580 | D:11     | Identified the +12 eveningstar "Kays" {freeze, Fragile rF+ rN+ Str+4} (Trog gifted it to you on level 11 of the Dungeon)
 16661 | D:11     | Noticed Grum
 16677 | D:11     | Killed Grum
 16778 | D:11     | Found a stormy altar of Qazlal.
 17086 | D:11     | Reached ****** piety under Trog
 17089 | D:11     | Noticed Gastronok
 17102 | D:11     | Killed Gastronok
 17209 | D:12     | Noticed Rupert
 17216 | D:12     | Killed Rupert
 17332 | D:12     | Noticed Erolcha
 17337 | D:12     | Killed Erolcha
 17480 | D:12     | Found a radiant altar of Vehumet.
 18201 | D:13     | Found a gate to the Vaults.
 18356 | D:13     | Reached XP level 15. HP: 69/100 MP: 15/15
 18398 | D:13     | Found a shimmering altar of Xom.
 18665 | D:13     | Noticed Azrael
 18671 | D:13     | Killed Azrael
 18676 | D:13     | Received a gift from Trog
 19382 | D:14     | Reached skill level 15 in Maces & Flails
 19430 | D:14     | Noticed Sonja
 19848 | D:14     | Killed Sonja
 20417 | D:15     | Entered Level 15 of the Dungeon
 20666 | D:15     | Received a gift from Trog
 21389 | D:15     | Noticed Louise
 21406 | D:15     | Killed Louise
 21464 | D:15     | Received a gift from Trog
 21470 | D:15     | Found a staircase to the Depths.
 21855 | Orc:1    | Entered Level 1 of the Orcish Mines
 21902 | Orc:1    | Found a roughly hewn altar of Beogh.
 21914 | Orc:1    | Found a dark tunnel.
 21924 | Volcano  | Entered a volcano
 22115 | Volcano  | Received a gift from Trog
 22307 | Orc:1    | Found a roughly hewn altar of Beogh.
 22595 | Orc:2    | Entered Level 2 of the Orcish Mines
 22595 | Orc:2    | Found Wetzahoff's Book Shop.
 23147 | Orc:2    | Found a roughly hewn altar of Beogh.
 23347 | Orc:2    | Reached XP level 16. HP: 34/107 MP: 16/16
 23697 | Orc:2    | Reached skill level 10 in Axes
 23705 | Orc:2    | Received a gift from Trog
 24059 | Orc:2    | Found Ceuch's Book Emporium.
 24062 | Orc:2    | Found Ihier's Antique Armour Emporium.
 24063 | Orc:2    | Found Wucs's Antique Armour Emporium.
 24064 | Orc:2    | Found Dayx's Food Shoppe.
 24075 | Orc:2    | Bought a shiny plate armour for 728 gold pieces
 24211 | Orc:2    | Found a staircase to the Elven Halls.
 24549 | Snake:1  | Entered Level 1 of the Snake Pit
 24762 | Snake:1  | Reached skill level 15 in Fighting
 24870 | Snake:1  | Received a gift from Trog
 25274 | Snake:2  | Found a sparkling altar of Nemelex Xobeh.
 25389 | Snake:2  | Got a faintly glowing chain mail
 25493 | Snake:2  | Noticed Saint Roka
 25523 | Snake:2  | Killed Saint Roka
 25541 | Snake:2  | Received a gift from Trog
 25922 | Snake:3  | Reached skill level 15 in Armour
 25942 | Snake:3  | HP: 1/162 [black mamba (9)]
 25952 | Snake:3  | Reached XP level 17. HP: 17/113 MP: 17/17
 25955 | Snake:3  | HP: 4/113 [naga sharpshooter/arrow (8)]
 26375 | Snake:3  | Received a gift from Trog
 26418 | Snake:3  | Found Cushrene's General Store.
 26859 | Lair:2   | Identified the cursed +0 chain mail "Vugucw" {rElec rC+++ Str-3 Dex-5} (You found it on level 2 of the Snake Pit)
 26945 | Shoals:1 | Entered Level 1 of the Shoals
 27494 | Shoals:1 | Received a gift from Trog
 28592 | Shoals:2 | Noticed a kraken
 28604 | Shoals:2 | Killed a kraken
 29272 | Shoals:3 | Noticed a kraken
 29284 | Shoals:3 | Killed a kraken
 29619 | Shoals:3 | Noticed Ilsuiw
 29644 | Shoals:3 | Killed Ilsuiw
 30492 | Depths:1 | Entered Level 1 of the Depths
 30547 | Depths:1 | Reached skill level 1 in Shields
 30612 | Depths:1 | Reached XP level 18. HP: 108/122 MP: 18/18
 31097 | Depths:1 | Received a gift from Trog
 31270 | Depths:1 | Gained mutation: Scrolls take you a little longer to read. [a shining eye]
 31775 | Depths:1 | Killed from afar by an ice dragon

Skill      XL: |  1  2  3  4  5  6  7  8  9 10 11 12 13 14 15 16 17 18 |
---------------+-------------------------------------------------------+-----
Armour         | 3 4 5 6 7 9 10 11 12 13 14 15 16 | 16.3
Maces & Flails | 4 5 6 8 10 11 13 14 15 | 15.6
Fighting       | 4 5 7 8 9 10 11 12 13 14 15 16 | 16.9
Axes           | 4 7 9 12 14 | 14.7
Throwing       | 2 5 7 8 |  8.2
Shields        | 1 4 |  4.6
Dodging        | |  1.5

Action                   |  1- 3 |  4- 6 |  7- 9 | 10-12 | 13-15 | 16-18 || total
-------------------------+-------+-------+-------+-------+-------+-------++-------
Melee: Mace              |    94 |   239 |    12 |       |       |       ||   345
       Dire flail        |       |       |   418 |   723 |   858 |       ||  1999
       Eveningstar       |       |       |       |       |   595 |   970 ||  1565
Throw: Javelin           |       |       |       |     4 |       |    10 ||    14
Invok: Berserk           |       |     4 |     3 |     5 |     4 |     1 ||    17
       Trog's Hand       |       |     1 |     1 |     6 |     9 |    14 ||    31
       Brothers in Arms  |       |       |       |     1 |     9 |     6 ||    16
       Burn Spellbooks   |       |       |       |       |       |     1 ||     1
 Abil: Fly               |       |       |       |       |     2 |       ||     2
       Stop Flying       |       |       |       |       |     1 |       ||     1
  Use: Scroll            |       |    11 |       |    15 |    15 |     5 ||    46
       Potion            |       |     1 |       |       |     5 |     5 ||    11
 Stab: Invisible         |       |       |     3 |       |       |       ||     3
  Eat: Chunk             |       |     7 |     9 |    26 |    33 |    20 ||    95
       Royal jelly       |       |     2 |       |       |       |     1 ||     3
       Fruit             |       |     1 |       |       |       |       ||     1
       Meat ration       |       |       |     1 |       |     2 |     2 ||     5
       Bread ration      |       |       |       |       |     1 |     1 ||     2
Armor: Ring mail         |    56 |    82 |       |       |       |       ||   138
       Chain mail        |       |   163 |   197 |   261 |       |       ||   621
       Plate armour      |       |       |       |   148 |   983 |   726 ||  1857
Dodge: Dodged            |    70 |   173 |    97 |   242 |   465 |   299 ||  1346
Block: Other             |       |    81 |    92 |   175 |   357 |   181 ||   886
       Reflection        |       |       |     2 |     2 |    11 |    29 ||    44
       Buckler           |       |       |       |       |       |   120 ||   120
